 Dungeon Crawl Stone Soup version 0.22-a0-305-gd21a89c (webtiles) character file.

158722 Serpenta the Jinx (level 17, 0/81 HPs)
             Began as a Vine Stalker Chaos Knight on Mar 27, 2018.
             Slain by a merfolk impaler
             ... wielding a +0 trident
              (8 damage)
             ... on level 2 of the Shoals on Mar 28, 2018.
             The game lasted 01:39:53 (27924 turns).

Serpenta the Jinx (Vine Stalker Chaos Knight)      Turns: 27924, Time: 01:39:54

Health: 0/81       AC: 15    Str: 15      XL:     17   Next: 72%
Magic:  0/30       EV: 20    Int: 15 (16) God:    Xom [.....*]
Gold:   2881       SH: 10    Dex: 18      Spells: 5/32 levels left

rFire    + . .     SeeInvis .   a - +9 rapier (flame)
rCold    + + +     Gourm    .   e - +0 buckler
rNeg     + . .     Faith    .   K - +4 troll leather armour
rPois    +         Spirit   +   (helmet restricted)
rElec    .         Reflect  +   g - +0 cloak of Forking Paths {rC+++ rN+ Int+3}
rCorr    .         Harm     .   x - +2 pair of gloves
MR       ++...                  r - +2 pair of boots {run}
Stlth    +++++.....             h - amulet "Inimy" {Reflect rC+ SH+5}
HPRegen  1.43/turn              Q - ring of flight
MPRegen  0.22/turn              d - ring of poison resistance

@: drained, quick
A: antennae 1, fangs 3, hooves 1, deterioration 1, fire resistance 1, frail 1,
regeneration 2, screaming 1, weak 1, wild magic 1, magic shield, antimagic bite,
no potion heal 3, rot immunity, MP-powered wands
a: Renounce Religion, Evoke Flight


You were on level 2 of the Shoals.
You worshipped Xom.
You were Xom's teddy bear.
You were not hungry.

You visited 5 branches of the dungeon, and saw 28 of its levels.
You also visited: Bailey, Ice Cave and Volcano.

You collected 4089 gold pieces.
You spent 1208 gold pieces at shops.


Innate Abilities, Weirdness & Mutations

You have razor-sharp teeth.
You heal very quickly.
When hurt, damage is shared between your health and your magic reserves.
Your bite disrupts and absorbs the magic of your enemies.
Potions cannot restore your health.
You are immune to rotting.
You have a pair of small antennae on your head.
You have large cloven feet.
Your body sometimes deteriorates upon taking damage.
Your flesh is heat resistant. (rF+)
You are frail. (-10% HP)
You occasionally shout uncontrollably at your foes.
You are weak. (Str -2)
Your spells are a little harder to cast, but a little more powerful.
You expend magic power (3 MP) to strengthen your wands.


   Skills:
 - Level 10.8(10.1) Fighting
 - Level 13.6(12.9) Short Blades
 - Level 1.5(1.0) Armour
 - Level 12.0(11.3) Dodging
 - Level 12.0(11.2) Stealth
 - Level 4.0(3.4) Shields
 + Level 8.1(7.5) Spellcasting
 + Level 13.7(13.0) Hexes
 - Level 4.0(3.4) Translocations
 - Level 9.0(8.3) Evocations


You had 5 spell levels left.
You knew the following spells:

 Your Spells              Type           Power        Failure   Level  Hunger
a - Apportation           Tloc           ###...       7%          1    None
b - Blink                 Tloc           N/A          10%         2    None
i - Invisibility          Hex            ######..     17%         6    #######
A - Lesser Beckoning      Tloc           ###.......   17%         3    ##.....
B - Silence               Hex/Air        ####......   38%         5    #####..
C - Discord               Hex            ######....   99%         8    #######
D - Passwall              Tmut/Erth      #.........   34%         2    None

Action                   |  1- 3 |  4- 6 |  7- 9 | 10-12 | 13-15 | 16-18 || total
-------------------------+-------+-------+-------+-------+-------+-------++-------
Melee: Short sword       |    89 |   123 |       |       |       |       ||   212
       Bite              |    20 |    45 |    77 |   289 |   700 |   402 ||  1533
       Rapier            |       |    37 |   224 |   627 |  1729 |  1009 ||  3626
       Scimitar          |       |       |       |     3 |     8 |       ||    11
Throw: Tomahawk          |     1 |     1 |       |       |     2 |       ||     4
       Javelin           |       |     2 |     8 |     9 |    18 |     1 ||    38
 Cast: Invisibility      |       |       |       |       |       |     6 ||     6
 Abil: Evoke Flight      |       |       |       |       |       |     3 ||     3
Evoke: Wand              |       |       |     2 |     3 |     2 |     4 ||    11
  Use: Scroll            |     2 |     3 |     5 |    21 |    10 |     9 ||    50
       Potion            |       |       |       |     2 |     3 |     7 ||    12
 Stab: Sleeping          |     2 |     4 |    19 |    22 |    43 |    12 ||   102
       Confused          |       |     1 |     1 |       |     3 |     9 ||    14
       Petrified         |       |     1 |       |       |     2 |     3 ||     6
       Distracted        |       |       |     2 |     4 |     3 |     6 ||    15
       Invisible         |       |       |       |    11 |    13 |    20 ||    44
       Paralysed         |       |       |       |       |     1 |     1 ||     2
  Eat: Chunk             |     3 |     5 |    11 |    15 |    15 |    14 ||    63
       Ration            |       |       |       |     1 |     5 |     2 ||     8
Armor: Leather armour    |    53 |    32 |    23 |   131 |    77 |       ||   316
       Robe              |       |       |    35 |    14 |       |       ||    49
       Troll leather arm |       |       |       |       |   201 |   130 ||   331
Dodge: Dodged            |    75 |    55 |    70 |   301 |  1053 |   552 ||  2106
Block: Buckler           |    13 |    28 |    51 |   114 |   572 |   321 ||  1099
       Reflection        |       |       |       |       |    16 |    22 ||    38
       Rpst.: Scimitar   |       |       |       |       |     1 |       ||     1

Inventory:

Hand Weapons
 a - a +9 rapier of flaming (weapon)
Missiles
 n - 4 javelins (quivered)
Armour
 e - a +0 buckler (worn)
 g - the +0 cloak of Forking Paths (worn) {rC+++ rN+ Int+3}
   (You acquired it on level 12 of the Dungeon)

   It affects your intelligence (+3).
   It renders you almost immune to cold.
   It protects you from negative energy.
 r - a +2 pair of boots of running (worn)
 x - a +2 pair of gloves (worn)
 H - a +2 helmet
 K - a +4 troll leather armour (worn)
 M - the +0 pair of gloves "Weunitot" {+Blink MR+}
   (You found it in a bailey)

   It affects your resistance to hostile enchantments.
   It lets you blink.
Jewellery
 b - an uncursed ring of stealth
 d - a ring of poison resistance (right hand)
 h - the amulet "Inimy" (around neck) {Reflect rC+ SH+5}
   (You found it on level 6 of the Lair of Beasts)

   [amulet of reflection]

   It shields you and reflects attacks.
   It protects you from cold.
   It affects your SH (+5).
 u - an uncursed ring of resist corrosion
 A - a +2 ring of dexterity
 E - an uncursed ring of positive energy
 F - an uncursed amulet of regeneration
 Q - a ring of flight (left hand)
 V - an uncursed ring of protection from fire
Wands
 p - a wand of iceblast (7)
 q - a wand of disintegration (6)
 I - a wand of polymorph (11)
 J - a wand of acid (24)
 O - a wand of scattershot (4) {god gift}
 P - a wand of clouds (13)
 W - a wand of paralysis (24)
Scrolls
 f - a scroll of enchant weapon
 i - 4 scrolls of enchant armour
 j - 12 scrolls of remove curse
 k - a scroll of blinking
 m - 7 scrolls of amnesia
 s - 7 scrolls of fog
 y - 7 scrolls of immolation
 C - 7 scrolls of teleportation
 L - a scroll of summoning
 Y - a scroll of magic mapping
 Z - 9 scrolls of identify
Potions
 l - 9 potions of curing
 o - 6 potions of brilliance
 v - a potion of berserk rage
 z - 10 potions of flight
 D - 8 potions of haste
 N - 6 potions of agility
 S - a potion of magic
 T - a potion of cancellation
 U - 2 potions of resistance
 X - 2 potions of mutation
Miscellaneous
 t - a phial of floods
 w - a sack of spiders
 G - a lightning rod (4/4)
 R - a fan of gales
Comestibles
 c - 38 rations
 B - 9 chunks of flesh {@w1}

≈≈≈≈≈≈≈≈......≈...#
≈≈≈.≈≈≈≈≈≈≈≈.)........#
≈.≈<.[≈≈≈≈≈≈........≈.#
.....≈≈≈≈≈).....≈≈≈≈.#
#...≈≈≈≈.[.[...≈≈≈≈≈.#
.##...≈...♣..[...≈≈≈≈≈.#
≈≈≈≈.≈...........≈≈≈≈≈.
≈≈≈≈≈≈...♣∩♣.....≈≈≈≈≈
≈≈≈≈≈.†@(.......≈≈≈≈≈≈
≈≈≈≈≈.....♣....!≈≈≈≈≈≈
≈≈≈≈≈..m........≈≈≈≈≈≈
≈≈≈≈≈...........≈≈≈≈
≈≈≈≈≈≈.........>≈≈≈
≈≈≈≈≈≈..........≈≈
≈≈≈≈≈..........≈≈≈
≈≈≈≈≈#########.≈ ≈≈≈≈≈
.≈


You could see a merfolk impaler and a friendly halberd.

Vanquished Creatures
  Rupert (Orc:2)
  Frances (D:14)
  A kraken (Shoals:1)
  Kirke (Lair:4)
  A nagaraja (Snake:2)
  An azure jelly (shapeshifter) (Snake:1)
  The ghost of whitenoisemaker the Brawler, a journeyman TrMo of Makhleb (Shoals:1)
  A reaper (IceCv)
  2 stone giants
  The ghost of Nr616 the Severer, a journeyman MiBe of Trog (Lair:5)
  Nessos (D:15)
  A dire elephant (D:15)
  A merfolk impaler (Shoals:2)
  Josephine (Orc:1)
  A great orb of eyes (D:13)
  3 naga warriors
  3 ogre magi
  A rakshasa (D:13)
  A vault guard (D:13)
  Erolcha (Orc:2)
  9 hydras
  A centaur warrior (D:13)
  A death knight (D:14)
  4 death yaks (Lair:6)
  11 two-headed ogres
  2 tengu warriors (D:15)
  A deep troll earth mage (D:14)
  A hell hog (Snake:1)
  2 naga sharpshooters (Snake:2)
  Sonja (Orc:2)
  A shock serpent (Lair:4)
  Nergalle (D:10)
  A deep elf knight (D:13)
  A sea snake (Shoals:1)
  10 skeletal warriors
  An unseen horror (D:13)
  A wizard (D:13)
  3 naga ritualists
  3 harpies (Shoals:1)
  2 orc knights
  4 mana vipers
  An ugly thing (D:14)
  3 manticores
  2 deep elf magi
  10 orc sorcerers
  6 cyclopes
  6 salamanders
  14 elephants (Lair:6)
  2 ice statues (IceCv)
  2 merfolk sirens (Shoals:1)
  22 black mambas
  9 naga magi
  3 guardian serpents
  4 gargoyles
  2 centaur skeletons
  20 spiny frogs
  2 efreet
  A komodo dragon (shapeshifter) (Lair:6)
  A rime drake (Lair:4)
  5 komodo dragons
  6 ice devils (IceCv)
  10 trolls
  A troll (shapeshifter) (D:14)
  8 merfolk
  A polar bear (Lair:2)
  5 meliai
  A wind drake (Shoals:2)
  4 hornets
  13 slime creatures
  4 snapping turtles
  10 hippogriffs
  5 tyrant leeches (Lair:6)
  Prince Ribbit (D:7)
  26 blink frogs
  2 raiju
  9 dream sheep
  A spriggan (D:12)
  3 centaur simulacra
  Eustachio (D:4)
  67 yaks
  A shadow (D:13)
  A vampire (D:11)
  4 basilisks
  11 wraiths
  2 hungry ghosts (D:12)
  6 hogs (Lair:4)
  6 fire bats
  7 fire elementals
  A steam dragon (Lair:5)
  2 wyverns
  13 vampire mosquitoes
  19 nagas
  An acid dragon (D:11)
  A soldier ant (D:13)
  28 water moccasins
  8 porcupines
  2 hell hounds (Snake:1)
  26 orc warriors
  9 ice beasts
  5 sky beasts
  An eye of draining (D:13)
  A hornet zombie (D:9)
  3 black bears
  5 phantoms
  2 necrophages
  12 wolves
  A boggart (D:14)
  27 ogres
  5 centaurs
  3 big kobolds
  7 crocodiles
  18 bullfrogs
  A wyvern zombie (D:10)
  An elf skeleton (D:15)
  2 wyvern skeletons
  2 earth elementals (Volcano)
  6 scorpions
  4 killer bees
  6 wights
  An electric eel (Lair:2)
  5 crimson imps
  7 howler monkeys
  5 lava snakes (Volcano)
  2 centaur zombies
  3 human zombies (D:15)
  11 orc priests
  A bullfrog skeleton (D:12)
  2 bullfrog zombies
  14 jellies
  Crazy Yiuf (D:6)
  7 hounds
  A human skeleton (D:15)
  7 iguanas
  10 worker ants
  44 orc wizards
  2 mummies (D:15)
  2 hound skeletons
  3 worker ant zombies
  17 adders
  A river rat (D:10)
  7 shadow imps
  8 white imps (IceCv)
  9 ufetubi (IceCv)
  An ooze (Lair:6)
  2 adder skeletons (D:4)
  3 worms (D:3)
  12 dart slugs (D:3)
  4 leopard geckos
  135 orcs
  4 giant cockroaches
  10 goblins
  6 hobgoblins
  8 jackals
  8 kobolds
  10 quokkas
  3 ball pythons
  11 bats
  4 frilled lizards
  3 leopard gecko skeletons (D:4)
  An orc skeleton (D:15)
  An orc zombie (D:15)
  A quokka skeleton (D:6)
  8 rats
  A plant (Lair:5)
1045 creatures vanquished.

Vanquished Creatures (collateral kills)
  Aizul (Snake:1)
  A swamp dragon (Shoals:1)
  2 harpies (Shoals:1)
  A merfolk siren (Shoals:2)
  An elephant (Lair:6)
  A naga mage (Snake:2)
  A black mamba (Lair:6)
  2 merfolk
  A blink frog (Lair:6)
  A snapping turtle (Shoals:2)
  5 yaks
  A basilisk (D:11)
  Menkaure (D:4)
  2 nagas (Snake:2)
  A porcupine (D:11)
  2 crocodiles (D:11)
  4 wights (D:11)
  A jelly (Lair:6)
  2 orc wizards (D:4)
  An orc priest (D:4)
  A worker ant (D:4)
  A white imp (IceCv)
  An orc (D:4)
  A jackal (D:2)
  A quokka (D:2)
  A bat (D:3)
  A rat (D:3)
39 creatures vanquished.

Vanquished Creatures (others)
  2 dancing weapons (Snake:2)
  A salamander mystic (Snake:2)
  3 yaks (D:7)
  An ice beast (D:14)
  An orc warrior (D:11)
  2 wolves (Lair:4)
  A centaur (D:14)
  An orc wizard (Orc:2)
  An adder (D:2)
  4 ufetubi (IceCv)
  2 orcs
  A quokka (D:7)
  5 bushes
  36 fungi
  53 plants
  8 tentacles (Shoals:1)
122 creatures vanquished.

Grand Total: 1206 creatures vanquished

Vault maps used:
D:1:      nzn_arrival_settlement, minmay_misc_feat_square
D:3:      kennysheep_slugbush, first_ration, minmay_liquid_box,
          wad_floor_pattern_1
D:4:      grunt_temple_overflow_open, serial_shops, kennysheep_mini_moat, shop,
          nicolae_shop_behind_doors, shop, nicolae_shop_stone, uniq_eustachio,
          uniq_menkaure
D:5:      serial_shops, nicolae_shop_temple_entry_statues_fountains
D:6:      uniq_crazy_yiuf_cottage
D:7:      fiery_altar_vehumet, minmay_temple_entry_glassed_door, enter_bailey_2,
          basic_altar, uniq_prince_ribbit1
D:8:      nicolae_overflow_hidden_temple
D:9:      hiddenorc2_lemuel, serial_shops, nicolae_shop_stone
D:10:     hive_lemuel, uniq_nergalle
D:11:     minmay_lair_entry_grove, roderic_lattice_a
D:12:     special_room, enter_trove_2, the_bakery
D:13:     minmay_the_grid_plus_closed, david_vaults_5, basic_altar,
          mikee_hates_you
D:14:     kennysheep_green_arena, skrybe_limestone_x, uniq_snorg, uniq_frances
D:15:     hangedman_depths_entry_try_elsewhere_first, hangedman_decor_growths,
          lemuel_mausoleum_altar_yredelemnul, uniq_nessos
Lair:1:   serial_bayou_ford_a
Lair:2:   enter_volcano_1, gammafunk_lair_bear_cave
Lair:3:   minmay_guarded_unrand_snakebite, lemuel_oklob_altar,
          grunt_megastairs_3
Lair:4:   minmay_shoals_entry_hut, minmay_snake_entry_six_corridors,
          dpeg_oklob_1, uniq_kirke
Lair:5:   portal_ice_cave_entry_ice_beasts, lab_entry_generic
Lair:6:   minmay_lair_end_frog_pond, minmay_slime_entry_jelly_boxes
Shoals:2: serial_shops, nicolae_shop_trees
Snake:1:  uniq_azrael, uniq_aizul
Snake:2:  serial_bayou_pond_b, st_stairs_3
Orc:1:    basic_altar, uniq_josephine
Orc:2:    kennysheep_orc_mage_school, basic_altar, uniq_sonja, uniq_rupert
Bailey:   bailey_polearm_1, bailey
IceCv:    ice_cave_small_demon
Volcano:  volcano_grotto


Message History

The snapping turtle dies!
The merfolk impaler hits you with a trident!
Your halberd hits the merfolk impaler from afar.
The merfolk impaler hits you with a trident!
* * * LOW HITPOINT WARNING * * *
You barely miss the merfolk impaler. You bite the merfolk impaler.
You drain its power.
You feel invigorated.
The merfolk impaler is lightly wounded.
Your halberd closely misses the merfolk impaler.
The merfolk impaler hits you with a trident!
* * * LOW HITPOINT WARNING * * *
You miss the merfolk impaler. Your bite misses the merfolk impaler.
The merfolk impaler is lightly wounded.
Your halberd completely misses the merfolk impaler.
The merfolk impaler hits you with a trident.
* * * LOW HITPOINT WARNING * * *
Your halberd hits the merfolk impaler from afar!!
The merfolk impaler hits you from afar with a trident!
You die... "It was about time."

Notes
Turn   | Place    | Note
-------+----------+-------------------------------------------
     0 | D:1      | Serpenta the Vine Stalker Chaos Knight began the quest for the Orb.
     0 | D:1      | Reached XP level 1. HP: 11/11 MP: 2/2
   284 | D:1      | XOM: harmless Hex miscast
   285 | D:1      | XOM: harmless Erth miscast
   321 | D:1      | XOM: harmless Summ miscast
   368 | D:1      | Reached skill level 1 in Stealth
   542 | D:1      | XOM: harmless Tmut miscast
   586 | D:1      | XOM: cast spell 'Summon Butterflies'
   592 | D:1      | Reached XP level 2. HP: 14/16 MP: 3/3
  1360 | D:1      | XOM: harmless Summ miscast
  1609 | D:2      | Reached XP level 3. HP: 15/19 MP: 4/4
  1615 | D:2      | XOM: noise
  1692 | D:1      | XOM: silly message
  1694 | D:1      | XOM: mild Necr miscast
  1728 | D:1      | XOM: harmless Chrm miscast
  1734 | D:1      | XOM: potion effect (experience)
  1734 | D:1      | Gained mutation: Your natural rate of healing is unusually fast. [Vine Stalker growth]
  1734 | D:1      | Reached XP level 4. HP: 16/28 MP: 3/5
  1762 | D:2      | XOM: silly message
  1837 | D:2      | XOM: enchant monster (good)
  2034 | D:2      | XOM: mild Hex miscast
  2201 | D:3      | Reached XP level 5. HP: 30/32 MP: 6/6
  2203 | D:3      | XOM: confuse monster(s)
  2358 | D:3      | XOM: silly message
  2385 | D:3      | XOM: harmless Tmut miscast
  2501 | D:3      | XOM: potion effect (might)
  2679 | D:3      | XOM: confuse monster(s)
  2699 | D:3      | XOM: cast spell 'Call Canine Familiar'
  2897 | D:3      | Reached XP level 6. HP: 37/37 MP: 7/7
  2910 | D:3      | XOM: give mutations
  2910 | D:3      | Gained mutation: Your spells are a little harder to cast, but a little more powerful. [Xom's grace]
  2910 | D:3      | Gained mutation: Your muscles are strong. (Str +2) [Xom's grace]
  2910 | D:3      | Gained mutation: You are agile. (Dex +2) [Xom's grace]
  3200 | D:4      | Found Hepsiq's Antique Weapon Boutique.
  3203 | D:4      | Bought a glowing rapier for 126 gold pieces
  3262 | D:4      | Noticed Menkaure
  3329 | D:4      | Reached skill level 5 in Stealth
  3363 | D:3      | XOM: god gift: scroll labeled HEP HYFEILOU {god gift}
  3477 | D:4      | Reached XP level 7. HP: 38/41 MP: 8/8
  3532 | D:5      | Entered Level 5 of the Dungeon
  3604 | D:5      | XOM: god gift: 21 gold pieces {god gift}
  3620 | D:4      | Found Qemm's Assorted Antiques.
  3639 | D:4      | XOM: cast spell 'Summon Dragon'
  3712 | D:4      | Killed Menkaure
  3713 | D:4      | easy ^^
  3759 | D:4      | Found Nyaty's Assorted Antiques.
  3767 | D:4      | Bought a scroll labeled ENTEXASTUL for 17 gold pieces
  3962 | D:4      | Found Wiwyri's Assorted Antiques.
  4153 | D:4      | Found a deep blue altar of Sif Muna.
  4155 | D:4      | Found a shimmering altar of Xom.
  4157 | D:4      | Found an ornate altar of the Wu Jian Council.
  4157 | D:4      | Found a hazy altar of Hepliaklqana.
  4159 | D:4      | Found an ancient bone altar of Kikubaaqudgha.
  4193 | D:4      | Noticed Eustachio
  4202 | D:4      | Killed Eustachio
  4202 | D:4      | Gained mutation: You have razor-sharp teeth. [Vine Stalker growth]
  4202 | D:4      | Reached XP level 8. HP: 45/45 MP: 9/9
  4242 | D:4      | Found Raquy's Assorted Antiques.
  4250 | D:4      | Bought a scroll labeled ZIABYR AHOQ for 21 gold pieces
  4250 | D:4      | Bought a murky cyan potion for 18 gold pieces
  4279 | D:5      | XOM: cloud trail
  4286 | D:5      | XOM: mild Tloc miscast
  4355 | D:5      | XOM: scenery: create altars
  4494 | D:5      | XOM: 1-stop teleportation journey
  4549 | D:5      | Found Wami's Distillery.
  4753 | D:5      | Got a shadowed robe
  4764 | D:5      | Identified the +0 robe "Qaesched" {rPois rCorr Dex-2} (You found it on level 5 of the Dungeon)
  4870 | D:6      | Found a runed door.
  4874 | D:6      | Noticed Crazy Yiuf
  4878 | D:6      | Killed Crazy Yiuf
  4978 | D:6      | XOM: cast spell 'Dispersal'
  5080 | D:5      | XOM: give mutation
  5080 | D:5      | Gained mutation: Your muscles are very strong. (Str +4) [Xom's grace]
  5217 | D:6      | XOM: 3-stop teleportation journey
  5259 | D:6      | Reached XP level 9. HP: 49/49 MP: 10/10
  5307 | D:6      | Got an ancient robe
  5318 | D:6      | Identified the +1 robe of Qumas {Int+5} (You found it on level 6 of the Dungeon)
  5481 | D:6      | XOM: divination: detect items
  5575 | D:7      | Found an opulent altar of Gozag.
  5592 | D:7      | Found a flagged portal.
  5601 | Bailey   | Entered a bailey
  5675 | Bailey   | XOM: chaos cloud
  5679 | Bailey   | XOM: give mutations
  5679 | Bailey   | Lost mutation: Your muscles are very strong. (Str +4) [Xom's mischief]
  5679 | Bailey   | Gained mutation: You are robust. (+10% HP) [Xom's mischief]
  5679 | Bailey   | Lost mutation: Your muscles are strong. (Str +2) [Xom's mischief]
  5679 | Bailey   | Gained mutation: Your body sometimes deteriorates upon taking damage. [Xom's mischief]
  5680 | Bailey   | XOM: harmless Tmut miscast
  5815 | Bailey   | Reached skill level 10 in Stealth
  5818 | Bailey   | XOM: medium Conj miscast
  5867 | Bailey   | Got a pair of translucent gloves
  6121 | D:4      | Bought 2 metallic cyan potions for 37 gold pieces
  6193 | D:4      | XOM: summons 4 hostile demons
  6225 | D:4      | Bought a scroll labeled BAUSEY IMU OHY for 31 gold pieces
  6225 | D:4      | Bought a scroll labeled PEIJIH VUEG for 31 gold pieces
  6225 | D:4      | Bought a scroll labeled WOSICV TATYA for 31 gold pieces
  6235 | D:4      | Identified the +0 pair of gloves "Weunitot" {+Blink MR+} (You found it in a bailey)
  6334 | D:7      | Found a radiant altar of Vehumet.
  6334 | D:7      | Noticed Prince Ribbit
  6336 | D:7      | Killed Prince Ribbit
  6367 | D:7      | XOM: swap monsters
  6512 | D:7      | XOM is BORED!
  6512 | D:7      | XOM: 2-stop teleportation journey
  6675 | D:7      | XOM: 1-stop teleportation journey
  6759 | D:7      | Found a staircase to the Ecumenical Temple.
  7044 | D:7      | Reached XP level 10. HP: 58/58 MP: 11/11
  7228 | D:8      | Noticed a two-headed ogre
  7274 | D:7      | XOM: 6-stop teleportation journey
  7464 | D:8      | Reached skill level 1 in Evocations
  7675 | D:8      | Killed a two-headed ogre
  7709 | D:8      | XOM is BORED!
  7709 | D:8      | XOM: mild Ice miscast
  7730 | D:8      | Found a sparkling altar of Nemelex Xobeh.
  7734 | D:8      | Found a snail-covered altar of Cheibriados.
  7735 | D:8      | Found a shattered altar of Ashenzari.
  8029 | D:9      | XOM: mild Erth miscast
  8097 | D:9      | Noticed a two-headed ogre
  8105 | D:9      | Killed a two-headed ogre
  8105 | D:9      | Reached skill level 10 in Short Blades
  8170 | D:9      | XOM: god gift: 16 gold pieces {god gift}
  8174 | D:9      | XOM: potion effect (invisibility)
  8178 | D:9      | Reached skill level 1 in Dodging
  8184 | D:9      | XOM: polymorph yak -> blink frog
  8185 | D:9      | XOM: cast spell 'Call Canine Familiar'
  8252 | D:9      | XOM: polymorph wolf -> ogre
  8274 | D:9      | Found Gyryeseu's Jewellery Shop.
  8322 | D:8      | Found a glowing golden altar of the Shining One.
  8322 | D:8      | Found a burning altar of Makhleb.
  8392 | D:9      | Reached skill level 5 in Evocations
  8437 | D:9      | Reached XP level 11. HP: 63/63 MP: 15/15
  8541 | D:9      | Found a staircase to the Orcish Mines.
  8547 | D:9      | XOM: blink monster(s)
  8564 | D:9      | XOM: chaos upgrade
  8711 | D:9      | XOM: mild Necr miscast
  8792 | D:9      | You fall through a shaft for 3 floors!
  8859 | D:11     | XOM: divine lightning
  8895 | D:10     | Entered Level 10 of the Dungeon
  8902 | D:10     | XOM: summons 2 hostile demons
  8927 | D:10     | XOM: 2-stop teleportation journey
  8936 | D:10     | Noticed Nergalle
  8939 | D:10     | XOM: harmless Air miscast
  8952 | D:10     | Killed Nergalle
  9102 | D:10     | XOM: fog
  9129 | D:9      | XOM: repel stairs
  9130 | D:9      | XOM: medium Tloc miscast
  9282 | D:9      | XOM: enchant monster (bad)
  9378 | D:10     | XOM: chaos cloud
  9384 | D:10     | Paralysed by you for 5 turns
  9425 | D:10     | XOM: summons 2 friendly demons
  9491 | D:10     | Noticed a two-headed ogre
  9493 | D:10     | XOM: chaos upgrade
  9502 | D:10     | Killed a two-headed ogre
  9516 | D:10     | XOM: noise
 10079 | D:10     | XOM: give mutations
 10079 | D:10     | Gained mutation: Your body often deteriorates upon taking damage. [Xom's mischief]
 10079 | D:10     | Lost mutation: You are robust. (+10% HP) [Xom's mischief]
 10079 | D:10     | Lost mutation: Your spells are a little harder to cast, but a little more powerful. [Xom's mischief]
 10079 | D:10     | Lost mutation: Your body often deteriorates upon taking damage. [Xom's mischief]
 10253 | D:11     | Noticed a five-headed hydra
 10255 | D:11     | Noticed a seven-headed hydra
 10262 | D:11     | Reached skill level 5 in Dodging
 10263 | D:11     | Killed a seven-headed hydra
 10264 | D:11     | XOM: cast spell 'Death Channel'
 10270 | D:11     | Killed a five-headed hydra
 10356 | D:11     | Found a staircase to the Lair.
 10459 | D:11     | Gained mutation: You heal very quickly. [Vine Stalker growth]
 10459 | D:11     | Reached XP level 12. HP: 43/62 MP: 10/19
 10636 | D:11     | XOM: fog
 10809 | D:11     | XOM: mild Pois miscast
 10853 | D:11     | XOM: fog
 10877 | D:11     | XOM: god gift: 390 gold pieces {god gift}
 11044 | Lair:1   | Entered Level 1 of the Lair of Beasts
 11081 | Lair:1   | XOM: scenery: create altars
 11091 | Lair:1   | XOM: fake destruction
 11159 | Lair:1   | XOM: fake destruction
 11160 | Lair:1   | XOM: enchant monster (good)
 11244 | Lair:1   | XOM: summons 3 friendly demons
 11428 | Lair:1   | XOM: confusion (+ monsters)
 11688 | Lair:1   | XOM: god gift: potion of degeneration {god gift}
 11713 | Lair:1   | XOM: polymorph crocodile -> hornet
 11714 | Lair:1   | XOM: scenery: create altars
 11860 | Lair:2   | Found a dark tunnel.
 11873 | Volcano  | Entered a volcano
 12065 | Volcano  | Found a radiant altar of Vehumet.
 12081 | Volcano  | Noticed a stone giant
 12087 | Volcano  | XOM: destruction
 12096 | Volcano  | Found a burning altar of Makhleb.
 12100 | Volcano  | Killed a stone giant
 12600 | Lair:2   | XOM: 5-stop teleportation journey
 12653 | Lair:2   | Reached XP level 13. HP: 66/66 MP: 20/20
 12745 | Lair:2   | XOM: confusion (+ monsters)
 12869 | Lair:2   | XOM: noise
 13243 | Lair:3   | XOM: cloud trail
 13278 | Lair:3   | XOM: cast spell 'Summon Hydra'
 13289 | Lair:3   | Reached skill level 10 in Dodging
 13355 | Lair:3   | XOM: divination: detect items
 13356 | Lair:3   | XOM: enchant monster (good)
 13427 | Lair:3   | Found the +8 whip "Snakebite" {curare, rPois}
 13552 | Lair:3   | Found a bloodstained altar of Trog.
 13932 | Lair:3   | XOM: god gift: 15 arrows {god gift}
 14244 | Lair:4   | Found a staircase to the Snake Pit.
 14251 | Lair:4   | XOM: polymorph water moccasin -> big kobold
 14256 | Lair:4   | XOM: divination: magic mapping
 14260 | Lair:4   | XOM: scenery: create altars
 14275 | Lair:4   | XOM: cast spell 'Necromutation'
 14353 | Lair:4   | XOM: god gift: ration {god gift}
 14473 | Lair:4   | Noticed Kirke
 14718 | Lair:4   | Found the +7 sceptre of Torment
 14732 | Lair:4   | XOM: give mutations
 14732 | Lair:4   | Gained mutation: Your flesh is heat resistant. (rF+) [Xom's grace]
 14732 | Lair:4   | Gained mutation: You have large cloven feet. [Xom's grace]
 14732 | Lair:4   | Gained mutation: You possess an exceptional clarity of mind. [Xom's grace]
 14732 | Lair:4   | Gained mutation: You are partially covered in large bone plates. (SH +4) [Xom's grace]
 14741 | Lair:4   | XOM: destruction
 14770 | Lair:4   | XOM is BORED!
 14770 | Lair:4   | XOM: give mutations
 14770 | Lair:4   | Lost mutation: Your body sometimes deteriorates upon taking damage. [Xom's mischief]
 14770 | Lair:4   | Gained mutation: You occasionally shout uncontrollably at your foes. [Xom's mischief]
 14770 | Lair:4   | Lost mutation: You possess an exceptional clarity of mind. [Xom's mischief]
 14866 | Lair:4   | XOM: 9-stop teleportation journey
 14922 | Lair:4   | XOM: scenery: 1 doors open
 15077 | Lair:4   | Found a staircase to the Shoals.
 15213 | Lair:4   | XOM: scenery: create altars
 15446 | Lair:5   | XOM: destruction
 15465 | Lair:5   | XOM: smoke on damage
 15545 | Lair:5   | Found a frozen archway.
 15554 | Lair:5   | XOM: summons friendly white imp
 15567 | Lair:5   | XOM: swap monsters
 15569 | Lair:5   | XOM: enchant monster (bad)
 15576 | Lair:5   | XOM: chaos cloud
 15579 | Lair:5   | Paralysed by you for 7 turns
 15580 | Lair:5   | XOM: mild Conj miscast
 15586 | Lair:5   | XOM: polymorph ice beast -> steam dragon
 15594 | IceCv    | Entered an ice cave
 15659 | IceCv    | XOM: mild Erth miscast
 15706 | IceCv    | XOM: silly message
 15737 | IceCv    | XOM: scenery: create altars
 15764 | IceCv    | Identified a +2 pair of boots of running (You found it in an ice cave)
 15810 | IceCv    | XOM: harmless Necr miscast
 15816 | IceCv    | XOM: medium Erth miscast
 15824 | IceCv    | XOM: summons 13 friendly demons
 15882 | IceCv    | Noticed a reaper
 15884 | IceCv    | Killed a reaper
 15886 | IceCv    | XOM: harmless Necr miscast
 15993 | IceCv    | XOM: potion effect (brilliance)
 16036 | Lair:5   | XOM: confuse monster(s)
 16047 | Lair:5   | XOM: confuse monster(s)
 16063 | Lair:5   | XOM: scenery: create altars
 16064 | Lair:5   | XOM: noise
 16083 | Lair:5   | Reached XP level 14. HP: 72/72 MP: 21/21
 16120 | Lair:5   | XOM: 3-stop teleportation journey
 16121 | Lair:5   | Noticed Nr616's ghost (journeyman MiBe)
 16122 | Lair:5   | XOM: enchant monster (good)
 16162 | Lair:5   | XOM: summons 3 hostile demons
 16186 | Lair:5   | XOM: divination: detect creatures
 16194 | Lair:5   | XOM: swap monsters
 16361 | Lair:5   | XOM: chaos cloud
 16385 | Lair:6   | Entered Level 6 of the Lair of Beasts
 16474 | Lair:6   | XOM: give mutations
 16474 | Lair:6   | Gained mutation: You are weak. (Str -2) [Xom's mischief]
 16474 | Lair:6   | Gained mutation: You expend magic power (3 MP) to strengthen your wands. [Xom's mischief]
 16474 | Lair:6   | Gained mutation: Your spells are a little harder to cast, but a little more powerful. [Xom's mischief]
 16474 | Lair:6   | Lost mutation: You are partially covered in large bone plates. (SH +4) [Xom's mischief]
 16525 | Lair:6   | XOM: enchant monster (bad)
 16530 | Lair:6   | XOM: harmless Conj miscast
 16531 | Lair:6   | XOM: chaos cloud
 16540 | Lair:6   | XOM: summons friendly ice devil
 16549 | Lair:6   | XOM: summons friendly shadow imp
 16560 | Lair:6   | XOM: 1-stop teleportation journey
 16573 | Lair:6   | XOM: harmless Pois miscast
 16583 | Lair:6   | XOM: harmless Tmut miscast
 16601 | Lair:6   | XOM: blink monster(s)
 16615 | Lair:6   | XOM: 1-stop teleportation journey
 16642 | Lair:6   | XOM: scenery: create altars
 16648 | Lair:6   | XOM: scenery: create altars
 16651 | Lair:6   | XOM: noise
 16672 | Lair:6   | XOM: mild Chrm miscast
 16819 | Lair:6   | XOM: confusion
 16842 | Lair:6   | XOM: give mutations
 16842 | Lair:6   | Gained mutation: Your body sometimes deteriorates upon taking damage. [Xom's mischief]
 16842 | Lair:6   | Gained mutation: You are frail. (-10% HP) [Xom's mischief]
 17054 | Lair:5   | XOM: draining
 17055 | Lair:5   | XOM: stat loss: -1 Str (13/14)
 17085 | Lair:5   | XOM: smoke on damage
 17092 | Lair:5   | Killed Nr616's ghost
 17103 | Lair:5   | XOM: stat loss: -1 Dex (21/22)
 17206 | Lair:6   | XOM: cast spell 'Summon Dragon'
 17319 | Lair:6   | XOM: god gift: potion of flight {god gift}
 17379 | Lair:6   | XOM: polymorph spiny frog -> meliai
 17400 | Lair:6   | XOM: potion effect (brilliance)
 17418 | Lair:6   | XOM: fog
 17445 | Lair:6   | Got a twitching zirconium amulet
 17446 | Lair:6   | Identified the amulet "Inimy" {Reflect rC+ SH+5} (You found it on level 6 of the Lair of Beasts)
 17482 | Lair:6   | XOM: harmless Chrm miscast
 17484 | Lair:6   | XOM: summons friendly quasit
 17536 | Lair:6   | XOM: summons 2 friendly demons
 17644 | Lair:6   | Found a staircase to the Slime Pits.
 17803 | Lair:6   | XOM: smoke on damage
 17805 | Lair:6   | XOM: cleaving
 17809 | Lair:6   | XOM: god gift: 25 stones {god gift}
 17815 | Lair:6   | XOM: 1-stop teleportation journey
 17951 | Lair:6   | XOM: confusion
 17978 | Lair:6   | XOM: summons 1 hostile demon
 17988 | Lair:6   | Reached skill level 10 in Fighting
 18065 | Lair:6   | Reached XP level 15. HP: 72/72 MP: 22/22
 18153 | Lair:6   | XOM: enchant monster (bad)
 18275 | Lair:6   | XOM: mild Pois miscast
 18566 | Lair:5   | XOM: medium Chrm miscast
 19005 | Lair:1   | XOM: medium Conj miscast
 19524 | D:12     | Paralysed by a hornet for 1 turns
 19600 | D:12     | XOM: polymorph eye of draining -> guardian serpent
 19632 | D:12     | Identified a scroll of acquirement
 19633 | D:12     | Got a scorched cloak
 19644 | D:12     | Identified the +0 cloak of Forking Paths {rC+++ rN+ Int+3} (You acquired it on level 12 of the Dungeon)
 19678 | D:12     | Found a portal to a secret trove of treasure.
 19960 | D:12     | XOM: chaos upgrade
 19962 | D:12     | XOM: god gift: pair of embroidered gloves {god gift}
 19968 | D:12     | XOM: summons 1 hostile shadow creature
 20112 | D:12     | XOM: medium Ice miscast
 20194 | D:12     | XOM: silly message
 20235 | D:12     | XOM: cleaving
 20255 | D:12     | Learned a level 1 spell: Apportation
 20258 | D:12     | Learned a level 2 spell: Blink
 20262 | D:12     | Learned a level 3 spell: Lesser Beckoning
 20269 | D:12     | Learned a level 6 spell: Invisibility
 20369 | D:13     | XOM: polymorph slime creature -> merfolk
 20394 | D:13     | XOM: fog
 20404 | D:13     | Reached skill level 1 in Spellcasting
 20404 | D:13     | Reached skill level 1 in Translocations
 20408 | D:13     | Reached skill level 1 in Hexes
 20515 | D:13     | XOM: confuse monster(s)
 20534 | D:13     | Found a bloodstained altar of Trog.
 20595 | D:13     | XOM: polymorph troll -> something unseen
 20649 | D:13     | Found a gate to the Vaults.
 20810 | D:13     | XOM: divination: detect creatures
 20816 | D:13     | XOM: potion effect (might)
 20820 | D:13     | XOM: noise
 20844 | D:13     | XOM: divination: magic mapping
 20846 | D:13     | XOM: swap monsters
 20946 | D:13     | XOM: summons 2 hostile shadow creatures
 21053 | D:13     | Found a runed door.
 21054 | D:13     | Found a runed door.
 21073 | D:13     | Found a runed warning-scrawled door.
 21366 | D:14     | XOM: polymorph sky beast -> basilisk
 21390 | D:14     | XOM: enchant monster (bad)
 21425 | D:14     | Noticed Frances
 21427 | D:14     | XOM: enchant monster (bad)
 21456 | D:13     | Upgraded the game from 0.22-a0-303-g4a852b3 to 0.22-a0-305-gd21a89c
 21482 | D:12     | XOM: harmless Fire miscast
 21507 | D:12     | XOM: scenery: 1 doors close
 21553 | Orc:1    | Entered Level 1 of the Orcish Mines
 21802 | Orc:1    | Found a bloodstained altar of Trog.
 21918 | Orc:1    | Noticed Josephine
 21929 | Orc:1    | XOM: potion effect (agility)
 21934 | Orc:1    | Killed Josephine
 22002 | Orc:2    | Entered Level 2 of the Orcish Mines
 22042 | Orc:2    | Noticed Sonja
 22046 | Orc:2    | Killed Sonja
 22048 | Orc:2    | XOM: divination: magic mapping
 22083 | Orc:2    | Found a staircase to the Elven Halls.
 22281 | Orc:2    | XOM: silly message
 22283 | Orc:2    | Found Zellil's Book Shoppe.
 22340 | Orc:2    | Reached XP level 16. HP: 77/77 MP: 23/23
 22348 | Orc:2    | XOM: 3-stop teleportation journey
 22361 | Orc:2    | Noticed Rupert
 22367 | Orc:2    | XOM: harmless Hex miscast
 22374 | Orc:2    | Killed Rupert
 22374 | Orc:2    | Reached skill level 5 in Spellcasting
 22374 | Orc:2    | Reached skill level 5 in Hexes
 22473 | Orc:2    | Found a burning altar of Makhleb.
 22718 | Orc:2    | XOM: summons 5 hostile demons
 22771 | Orc:2    | Found an ancient bone altar of Kikubaaqudgha.
 22775 | Orc:2    | XOM: confusion
 22827 | Orc:2    | Found Losuir's Distillery.
 22841 | Orc:2    | XOM: harmless Tmut miscast
 22842 | Orc:2    | Found a radiant altar of Vehumet.
 22853 | Orc:2    | Noticed Erolcha
 22862 | Orc:2    | Killed Erolcha
 22863 | Orc:2    | Found Ufumutin's Antique Weapon Shoppe.
 22882 | Orc:2    | Bought a potion of agility for 56 gold pieces
 22882 | Orc:2    | Bought a potion of haste for 140 gold pieces
 22914 | Orc:2    | Found a roughly hewn altar of Beogh.
 22945 | Orc:2    | Found Tusoc's Book Emporium.
 23071 | Orc:2    | Bought a book of Enchantments for 700 gold pieces
 23077 | Orc:2    | Learned a level 5 spell: Silence
 23086 | Orc:2    | Learned a level 8 spell: Discord
 23191 | D:9      | XOM: give mutation
 23191 | D:9      | Lost mutation: You are agile. (Dex +2) [Xom's mischief]
 23296 | D:14     | XOM: blink monster(s)
 23300 | D:14     | XOM: cast spell 'Necromutation'
 23303 | D:14     | XOM: harmless Air miscast
 23306 | D:14     | XOM: mild Air miscast
 23326 | D:14     | XOM: potion effect (agility)
 23388 | D:14     | XOM: confusion (+ monsters)
 23413 | D:14     | XOM is BORED!
 23413 | D:14     | XOM: confusion
 23510 | D:14     | Killed Frances
 23561 | D:14     | XOM: cast spell 'Metabolic Englaciation'
 23654 | D:14     | Noticed Snorg
 23781 | D:14     | Snorg changed into Snorg the tarantella
 23781 | D:14     | XOM: polymorph Snorg -> Snorg the tarantella
 23788 | D:14     | XOM: give mutation
 23788 | D:14     | Gained mutation: You have a pair of small antennae on your head. [Xom's grace]
 23868 | D:14     | XOM: god gift: 21 stones {god gift}
 23869 | D:14     | XOM: summons 16 friendly demons
 23882 | D:14     | Found the +7 Singing Sword
 24036 | D:14     | XOM: medium Air miscast
 24061 | D:15     | Entered Level 15 of the Dungeon
 24082 | D:15     | XOM: chaos upgrade
 24086 | D:15     | XOM: smoke on damage
 24169 | D:15     | XOM: summons 6 hostile demons
 24192 | D:14     | XOM: summons 8 hostile demons
 24356 | D:15     | XOM: confusion
 24447 | D:15     | XOM: chaos upgrade
 24456 | D:15     | XOM: noise
 24567 | D:15     | XOM: potion effect (might)
 24574 | D:15     | XOM: potion effect (magic)
 24599 | D:15     | XOM: potion effect (brilliance)
 24610 | D:15     | Found a staircase to the Depths.
 24621 | D:15     | XOM: silly message
 24622 | D:15     | XOM: potion effect (agility)
 24727 | D:15     | XOM: confuse monster(s)
 24895 | D:15     | Noticed Nessos
 24902 | D:15     | Killed Nessos
 25123 | D:15     | Found a basalt altar of Yredelemnul.
 25174 | D:15     | XOM: harmless Conj miscast
 25270 | D:12     | XOM: noise
 25370 | Shoals:1 | Entered Level 1 of the Shoals
 25375 | Shoals:1 | XOM: harmless Summ miscast
 25458 | Lair:4   | Killed Kirke
 25458 | Lair:4   | Reached skill level 10 in Hexes
 25468 | Snake:1  | Entered Level 1 of the Snake Pit
 25602 | Snake:1  | XOM: confuse monster(s)
 25603 | Snake:1  | Reached XP level 17. HP: 65/81 MP: 30/30
 25614 | Snake:1  | XOM: cast spell 'Olgreb's Toxic Radiance'
 25677 | Snake:1  | Noticed Azrael
 25677 | Snake:1  | XOM: confuse monster(s)
 25706 | Snake:1  | Noticed Azrael
 25706 | Snake:1  | Azrael changed into Azrael the hell hog
 25706 | Snake:1  | XOM: polymorph Azrael -> Azrael the hell hog
 25723 | Snake:1  | Killed Azrael the hell hog
 25741 | Snake:1  | XOM: smoke on damage
 25757 | Snake:1  | Noticed Aizul
 25765 | Snake:1  | XOM: summons 11 friendly demons
 25772 | Snake:1  | Killed Aizul
 25798 | Snake:1  | XOM: 4-stop teleportation journey
 25886 | Snake:1  | XOM: summons 5 friendly demons
 26017 | Snake:1  | XOM: divination: detect items
 26174 | Snake:2  | XOM: polymorph nagaraja -> death yak
 26249 | Snake:1  | Noticed a sphinx
 26249 | Snake:1  | an iron troll changed into a sphinx
 26253 | Snake:1  | a sphinx changed into a dire elephant
 26257 | Snake:1  | XOM: confuse monster(s)
 26265 | Snake:1  | XOM: summons 16 friendly demons
 26308 | Snake:2  | XOM: harmless Air miscast
 26312 | Snake:2  | XOM: potion effect (magic)
 26323 | Snake:2  | XOM: confusion (+ monsters)
 26345 | Snake:2  | XOM: snakes to sticks
 26515 | Snake:2  | XOM: cleaving
 26532 | Snake:2  | XOM: enchant monster (good)
 26541 | Snake:2  | XOM: blink monster(s)
 26545 | Snake:2  | XOM: 2-stop teleportation journey
 26621 | Snake:2  | XOM: scenery: create altars
 26655 | Snake:2  | XOM: cloud trail
 26672 | Snake:2  | XOM: blink monster(s)
 26766 | Snake:2  | XOM: confuse monster(s)
 26967 | Shoals:1 | XOM: 5-stop teleportation journey
 27014 | Shoals:1 | Noticed whitenoisemaker's ghost (journeyman TrMo)
 27023 | Shoals:1 | XOM: potion effect (berserk rage)
 27027 | Shoals:1 | Killed whitenoisemaker's ghost
 27264 | Shoals:1 | XOM: god gift: 46 gold pieces {god gift}
 27361 | Shoals:1 | XOM: 1-stop teleportation journey
 27471 | Shoals:1 | Found the +11 plutonium sword {*Contam Stlth-}
 27518 | Shoals:1 | Noticed a kraken
 27520 | Shoals:1 | XOM: god gift: wand of scattershot (4) {god gift}
 27526 | Shoals:1 | XOM: fog
 27545 | Shoals:1 | XOM: butterfly on damage
 27546 | Shoals:1 | Killed a kraken
 27665 | Shoals:1 | XOM: summons 16 friendly demons
 27703 | Shoals:1 | XOM: fog
 27705 | Shoals:1 | XOM: polymorph manticore -> swamp dragon
 27706 | Shoals:1 | XOM: potion effect (brilliance)
 27767 | Shoals:1 | XOM: god gift: book of Burglary {god gift}
 27772 | Shoals:1 | Learned a level 2 spell: Passwall
 27887 | Shoals:2 | Found Madakkim's Antique Weapon Shop.
 27924 | Shoals:2 | Slain by a merfolk impaler
